 Dungeon Crawl Stone Soup version 0.29.0-7-g18a832c13a (webtiles) character file.

Game seed: 18283350098942193759

75 sanka the Ruffian (level 4, -1/44 HPs)
             Began as a Troll Cinder Acolyte on Aug 31, 2022.
             Was a High Priest of Ignis.
             Slain by a worm (9 damage)
             ... on level 3 of the Dungeon.
             The game lasted 00:01:57 (1337 turns).

sanka the Ruffian (Troll Cinder Acolyte)            Turns: 1337, Time: 00:01:57

Health: -1/44      AC:  4    Str: 22    XL:     4   Next: 11%
Magic:  4/4        EV:  9    Int: 10    God:    Ignis [*****.]
Gold:   87         SH:  0    Dex:  7    Spells: 5/5 levels left

rFire   + . .      SeeInvis .     - Unarmed
rCold   . . .      Faith    .   (no shield)
rNeg    . . .      Spirit   .   a - +0 robe
rPois   .          Reflect  .   (helmet restricted)
rElec   .          Harm     .   (no cloak)
rCorr   .          Rampage  .   (gloves unavailable)
Will    .....                   (boots unavailable)
Stlth   +.........              c - amulet of the acrobat
HPRegen 0.94/turn               (no ring)
MPRegen 0.09/turn               (no ring)

@: lethally poisoned (-1 -> -2)
A: large, unfitting armour, claws 3, regeneration 1, shaggy fur 1, tough skin 1
a: Renounce Religion, Fiery Armour, Foxfire Swarm, Rising Flame


You were on level 3 of the Dungeon.
You worshipped Ignis.
Ignis was extremely pleased with you.
You visited 1 branch of the dungeon, and saw 3 of its levels.

You collected 87 gold pieces.


Innate Abilities, Weirdness & Mutations

You are too large for most types of armour.
You have claws for hands.
Your natural rate of healing is unusually fast.
You are covered in fur. (AC +1)
You have tough skin. (AC +1)


   Skills:
 - Level 2.4 Fighting
 + Level 5.0 Unarmed Combat
 - Level 1.0 Spellcasting
 - Level 2.1 Fire Magic


You had 5 spell levels left.
You didn't know any spells.
Your spell library contained the following spells:

 Spells                   Type           Power      Damage    Failure   Level
 Scorch                   Fire           8%         2d5       22%         2

Inventory:

Missiles
 k - a throwing net {=f}
Armour
 a - a +0 robe (worn)
Magical Staves
 f - a staff of cold
Jewellery
 c - an amulet of the acrobat (around neck)
Scrolls
 b - a scroll of brand weapon {unknown}
 h - 4 scrolls of identify {unknown}
 i - 3 scrolls of magic mapping {unknown}
 j - 2 scrolls of enchant armour {unknown}
 l - a scroll of blinking {unknown}
Potions
 d - 2 potions of resistance {unknown}
 e - 3 potions of curing {unknown}
 g - a potion of brilliance {unknown}

Dungeon Overview and Level Annotations

Branches:
Dungeon (3/15)

Altars:

▒~▒~.........
▒~~~~..▒.▒..
▒~▒w........
▒~~r........
▒~▒......▒.▒
▒~~~.(...▒.▒
▒▒▒▒~~......▒.▒
..▒▒▒.......▒.▒▒▒▒ ▒.▒
▒..........wT▒ ▒.▒
▒.......▒..▒▒▒▒.▒
▒'▒▒▒▒▒▒▒▒▒▒▒........
.......▒ ▒.▒▒▒▒.▒▒.
..[....▒ ▒.........
.......▒▒▒▒▒▒..▒▒▒.▒▒▒
▒..............▒
▒.▒▒▒▒▒▒▒▒▒▒▒▒.▒
.....▒ ▒.....▒.▒


You could see a worm.


Message History

You feel sick. The adder bites you.
* * * LOW HITPOINT WARNING * * *
You are more poisoned.
The adder poisons you!
You miss the adder.
The adder is lightly wounded.
You feel sick. The adder bites you but does no damage.
The adder bites you but does no damage.
You scratch the adder.
The adder is severely wounded.
You feel sick. The adder bites you.
* * * LOW HITPOINT WARNING * * *
You scratch the adder.
You kill the adder!
You feel sick.
Your Unarmed Combat skill increases to level 5!
You have reached level 4!
Unknown command.
Unknown command.
Unknown command.
You feel sick.
You scratch the worm but do no damage.
You feel sick.
You scratch the worm.
The worm is lightly wounded.
The worm bites you!
You die...

Action                   |  1- 3 |  4- 6 || total
-------------------------+-------+-------++-------
Melee: Unarmed           |    82 |     2 ||    84
Armor: Robe              |    21 |       ||    21
Dodge: Dodged            |    34 |       ||    34

Levels and vault maps discovered:
D:1:      dpeg_arrival_more_subterranean_lakeside_camping, layout_basic,
          serial_bayou_pond_a
D:2:      layout_basic
D:3:      minmay_skewed_foursquare, layout_basic, mainiacjoe_overflow_swirl,
          lightli_sewer_entry_pipes

Notes
Turn   | Place    | Note
-------+----------+-------------------------------------------
     0 | D:1      | sanka the Troll Cinder Acolyte began the quest for the Orb.
     0 | D:1      | Reached XP level 1. HP: 22/22 MP: 1/1
   311 | D:1      | Reached XP level 2. HP: 29/29 MP: 2/2
   733 | D:2      | Reached skill level 4 in Unarmed Combat
  1161 | D:3      | Reached XP level 3. HP: 36/36 MP: 3/3
  1335 | D:3      | Reached skill level 5 in Unarmed Combat
  1335 | D:3      | Reached XP level 4. HP: 7/44 MP: 4/4
  1337 | D:3      | Slain by a worm

Vanquished Creatures
  A river rat (D:3)
  3 adders (D:3)
  3 dart slugs
  An orc (D:3)
  A ball python (D:1)
  4 endoplasms
  2 giant cockroaches (D:1)
  3 goblins
  5 hobgoblins
  A bat (D:1)
  3 frilled lizards
  A kobold (D:1)
  5 rats
33 creatures vanquished.
